Map: Overgrowth LE (Void)

Players

Neuro

  • Race: Zerg Zerg
  • League: Master
  • Spawn Location: 7:00

MythiC - Winner!

  • Race: Terran Terran
  • League: Master
  • Spawn Location: 1:00

VOD

Have the link to the VOD?

Description

Time

  • Played on: Dec. 10, 2016, 10:19 p.m.
  • Length: 9:16
Show
View Real Time Build Order
Export as new Build Order

Neuro Zerg 

Build Orders: Hatch First 

Get SALT Encoding   

  12  0:01  Drone  
  13  0:14  Overlord  
  13  0:17  Drone  
  14  0:32  Drone x2  
  16  0:36  Drone  
  17  0:53  Hatchery  
  17  0:54  Drone  
  17  0:58  Drone  
  18  1:10  Extractor  
  17  1:12  Spawning Pool  
  17  1:15  Drone  
  17  1:20  Drone  
  18  1:29  Drone  
  19  1:40  Overlord  
  19  1:53  Drone  
  20  1:59  Queen  
  22  2:01  Zergling x2  
  22  2:04  Queen  
  22  2:05  Zergling x2  
  26  2:15  Metabolic Boost  
  26  2:16  Drone x2  
  28  2:26  Drone x2  
  30  2:41  Spore Crawler  
  30  2:49  Overlord  
  30  2:50  Drone x3  
  33  2:52  Hatchery  
  33  2:57  Overlord  
  32  3:03  Drone  
  32  3:05  Queen  
  35  3:13  Drone x2  
  35  3:16  Drone x2  
  35  3:18  Drone x4  
  43  3:20  Drone  
  43  3:26  Drone  
  45  3:33  Zergling x4  
  47  3:39  Evolution Chamber, Queen  
  47  3:40  Evolution Chamber  
  46  3:46  Zergling x10  
  51  4:02  Extractor  
  50  4:03  Overlord x2, Queen  
  49  4:23  Drone x10  
  59  4:31  Spine Crawler  
  59  4:32  Drone x3  
  59  4:36  Queen  
  63  4:39  Spore Crawler  
  63  4:41  Spore Crawler, Queen  
  63  4:43  Queen  
  65  4:48  Overlord  
  65  4:51  Overlord x2  
  65  5:10  Zerg Melee Weapons Level 1  
  65  5:11  Zerg Ground Armor Level 1  
  65  5:14  Zergling x22  
  65  5:20  Spore Crawler  
  75  5:24  Queen  
  75  5:27  Drone x4  
  81  5:30  Lair  
  81  5:46  Roach Warren  
  81  5:47  Drone x2  
  81  5:49  Overlord  
  81  5:50  Overlord x3  
  81  5:55  Extractor  
  81  5:56  Extractor  
  74  6:03  Pneumatized Carapace  
  74  6:12  Drone x12  
  74  6:15  Drone  
  87  6:21  Drone x5  
  92  6:34  Overseer  
  92  6:46  Extractor  
  91  6:48  Extractor  
  90  6:57  Hatchery  
  80  7:05  Drone x8, Spire  
  80  7:06  Drone  
  68  7:10  Drone x7  
  75  7:34  Queen  
  75  7:35  Queen  
  79  7:39  Drone x3, Infestation Pit  
  79  7:40  Extractor, Drone x6  
  79  7:41  Extractor  
  81  7:59  Overlord x7  
  77  8:20  Drone x9  
  86  8:28  Spine Crawler  
  86  8:29  Drone  
  86  8:30  Drone x3  
  86  8:31  Drone  
  90  8:37  Drone x5  
  95  8:44  Zergling x4  
  95  8:45  Zergling x6  
  100  8:57  Zergling x20  
Show
View Real Time Build Order
Export as new Build Order

MythiC Terran - Winner!

Build Orders: Hellion Opening, Reaper Expand, MMM Bio 

Get SALT Encoding   

  12  0:00  SCV  
  13  0:13  SCV  
  14  0:17  Supply Depot  
  14  0:25  SCV  
  15  0:29  Refinery  
  15  0:39  SCV  
  16  0:44  Barracks  
  16  0:51  SCV  
  17  1:03  SCV  
  18  1:18  SCV  
  19  1:31  Orbital Command  
  19  1:32  Reaper  
  20  1:41  Command Center  
  20  1:51  Factory  
  20  1:57  SCV  
  21  2:06  Barracks Reactor, Supply Depot  
  21  2:09  SCV  
  21  2:14  Refinery  
  22  2:21  SCV  
  23  2:33  SCV  
  24  2:42  Starport  
  24  2:45  SCV  
  25  2:52  Hellion x2  
  25  2:55  Orbital Command  
  25  2:57  SCV  
  30  3:03  Barracks Tech Lab  
  30  3:09  SCV  
  31  3:16  Hellion x2  
  31  3:19  Supply Depot  
  35  3:21  SCV x2  
  37  3:30  Viking  
  37  3:33  SCV  
  37  3:34  SCV  
  41  3:38  Hellion  
  41  3:39  Hellion  
  45  3:47  SCV  
  45  3:48  Supply Depot  
  46  3:49  SCV  
  46  3:51  Barracks Tech Lab  
  47  3:59  SCV  
  47  4:00  Raven  
  47  4:01  SCV  
  51  4:11  SCV  
  51  4:13  SCV  
  53  4:22  Command Center  
  53  4:23  SCV, Supply Depot  
  54  4:25  SCV  
  54  4:28  Marine x2  
  54  4:30  Supply Depot  
  57  4:31  Siege Tank  
  57  4:35  SCV  
  57  4:37  SCV  
  62  4:44  Supply Depot  
  62  4:46  Refinery  
  62  4:47  SCV, Refinery  
  62  4:49  SCV, Marine x2  
  62  4:52  Raven  
  68  4:59  SCV  
  69  5:02  SCV  
  70  5:10  Engineering Bay  
  70  5:11  Siege Tank, Marine x2  
  70  5:12  SCV, Engineering Bay  
  70  5:14  SCV  
  77  5:21  Barracks  
  77  5:22  Barracks  
  77  5:29  SCV, Marine x2  
  77  5:32  Supply Depot x2  
  77  5:35  Raven  
  82  5:36  Orbital Command  
  82  5:38  SCV  
  83  5:44  SCV  
  83  5:46  Siege Tank, Marine  
  88  5:50  SCV  
  88  5:52  Marine  
  88  5:56  SCV  
  91  6:00  Terran Infantry Weapons Level 1, Terran Infantry Armor Level 1  
  91  6:01  Missile Turret  
  91  6:02  SCV, Missile Turret  
  91  6:03  Orbital Command  
  92  6:08  SCV, Marine  
  92  6:11  Barracks Tech Lab  
  94  6:15  SCV  
  94  6:16  Marine  
  96  6:20  SCV  
  97  6:27  SCV, Marine  
  97  6:28  Siege Tank  
  97  6:29  SCV  
  97  6:32  SCV  
  104  6:33  Marine  
  104  6:36  Starport Reactor  
  104  6:38  Supply Depot  
  104  6:39  SCV, Armory, Marine x2  
  108  6:40  Stimpack  
  108  6:41  SCV  
  108  6:44  SCV  
  108  6:45  Marine, Refinery  
  111  6:51  SCV  
  111  6:52  Supply Depot  
  111  6:53  SCV  
  113  6:54  Supply Depot  
  113  6:55  Marine  
  113  6:56  SCV  
  113  6:57  Marine x2  
  117  7:03  SCV  
  117  7:06  SCV  
  117  7:08  SCV  
  117  7:10  Marine  
  117  7:11  Siege Tank  
  117  7:13  Marine  
  117  7:15  Marine  
  124  7:16  SCV, Marine  
  124  7:17  Medivac x2  
  124  7:18  SCV  
  124  7:21  SCV  
  132  7:23  Combat Shields  
  132  7:24  Supply Depot x2  
  132  7:25  Supply Depot  
  132  7:26  Supply Depot  
  132  7:27  Marine  
  132  7:28  SCV  
  134  7:39  Barracks  
  134  7:44  Factory  
  134  7:45  Barracks, Marine x3  
  134  7:46  Marine  
  134  7:47  Siege Tank  
  134  7:49  Medivac  
  134  7:50  SCV x2  
  134  7:51  SCV  
  146  7:58  Supply Depot x3  
  146  8:01  Refinery  
  146  8:02  SCV  
  146  8:03  Marine  
  148  8:06  Marine x3  
  151  8:13  SCV  
  151  8:15  Medivac  
  154  8:21  Marine  
  154  8:24  Marine x2  
  157  8:32  Factory Tech Lab  
  157  8:33  Command Center, Marine  
  160  8:36  Barracks Reactor x2  
  160  8:37  Siege Tank  
  160  8:39  Marine  
  162  8:42  Marine x2  
  164  8:51  Marine  
  165  8:57  Marine  
Tags
 
Add a new tag
Caveats
  • Supply blocks, unpowered buildings, or Contaminate may cause inaccurate times.
  • Supply counts are checked every 10 seconds.